AoeStats
← Lord_Wilfredo

Arena

509494592Analyzed
4v4 RM · 4d ago on Sep 27, 2026· 52m 9s· 8 players
Game mode
Random Map
Map size
Large (8 player)
Population
200
Speed
Normal
Resources
Standard
Victory
Conquest
Starting age
Dark Age
Ending age
Imperial Age
RankedLock teamsTeams togetherTeam positionsShared explorationLock speedFull tech treeHidden civsTurbo modeCheats
Victory
Defeat
🇨🇴 Teutons · Colombia
1397
+15
🇺🇸 Burgundians · United States
1364
+16
🇪🇸 Vikings · Spain
1349
+17
🇩🇪 Persians · Germany
1327
+17
🇺🇾 Maya · Uruguay
1382
-17
🇦🇷 Huns · Argentina
1380
-17
🇲🇽 Italians · Mexico
1360
-16
🇨🇱 Armenians · Chile
1343
-15
gatuzo
7:39 Loom
9:25 Feudal Age
13:55 Castle Age
12:04 Double-Bit Axe
17:16 Redemption
19:00 Sanctity
25:35 Horse Collar
32:18 Imperial Age
33:59 Bow Saw
36:12 Forging
36:02 Scale Mail Armor
_Cypress_
9:21 Feudal Age
10:24 Double-Bit Axe
18:15 Loom
18:49 Loom
20:05 Fletching
22:44 Horse Collar
27:03 Castle Age
27:12 Crossbowman
29:39 Wheelbarrow
29:58 Heavy Plow
30:10 Bow Saw
38:24 Imperial Age
36:00 Gold Mining
36:21 Pikeman
37:03 Scale Mail Armor
39:01 Chain Mail Armor
38:38 Halberdier
40:39 Plate Mail Armor
41:56 Forging
44:44 Eagle Warrior
46:27 Squires
Ezemic
11:18 Feudal Age
10:42 Loom
15:22 Castle Age
14:03 Horse Collar
14:09 Double-Bit Axe
16:56 Bow Saw
17:31 Heavy Plow
23:03 Wheelbarrow
22:22 Fletching
24:15 Gold Mining
25:11 Hand Cart
25:28 Padded Archer Armor
25:24 Bodkin Arrow
25:42 Pikeman
26:23 Squires
27:49 Town Watch
28:22 Leather Archer Armor
32:55 Imperial Age
33:10 Elite Genoese Crossbowman
34:07 Bracer
34:38 Ring Archer Armor
34:50 Ballistics
35:31 Chemistry
35:05 Masonry
36:11 Conscription
39:00 Bloodlines
38:53 Husbandry
38:15 Cavalier
39:07 Scale Barding Armor
39:13 Forging
38:36 Light Cavalry
39:46 Cavalier
40:51 Chain Barding Armor
Lord_Wilfredo
10:50 Feudal Age
14:37 Castle Age
12:56 Double-Bit Axe
13:14 Horse Collar
15:52 Scale Barding Armor
17:57 Loom
20:11 Bloodlines
23:09 Chain Barding Armor
25:10 Forging
26:47 Wheelbarrow
27:33 Iron Casting
33:13 Imperial Age
30:46 Town Watch
31:14 Bow Saw
31:40 Fletching
31:50 Padded Archer Armor
32:29 Bodkin Arrow
33:54 Leather Archer Armor
33:20 Cavalier
34:49 Hand Cart
35:54 Blast Furnace
35:15 Gold Mining
36:30 Ballistics
36:58 Parthian Tactics
36:38 Thumb Ring
37:08 Husbandry
37:17 Heavy Cavalry Archer
38:04 Bracer
38:57 Pikeman
39:37 Squires
39:41 Scale Mail Armor
41:29 Two-Man Saw
41:03 Halberdier
42:07 Chain Mail Armor
42:59 Capped Ram
46:33 Conscription
46:02 Elite Tarkan
48:42 Plate Barding Armor
49:15 Chemistry
el_Feist
3:04 Double-Bit Axe
7:41 Horse Collar
11:20 Feudal Age
12:44 Bow Saw
14:55 Castle Age
13:34 Heavy Plow
18:22 Loom
18:49 Scale Barding Armor
21:09 Cavalier
25:00 Crop Rotation
24:23 Gold Mining
24:23 Stone Mining
29:42 Imperial Age
27:59 Padded Archer Armor
28:39 Fletching
29:05 Leather Archer Armor
29:20 Elite Skirmisher
30:00 Bodkin Arrow
30:33 Ballistics
31:10 Bracer
32:14 Chemistry
32:13 Chain Barding Armor
34:24 Forging
36:09 Plate Barding Armor
36:10 Iron Casting
35:47 Masonry
37:21 Bombard Tower
38:08 Wheelbarrow
39:46 Blast Furnace
39:29 Architecture
39:14 Pikeman
40:35 Conscription
40:39 Burgundian Vineyards
41:39 Two-Man Saw
42:04 Hand Cart
41:33 Flemish Revolution
44:40 Squires
44:39 Arson
44:58 Scale Mail Armor
46:16 Chain Mail Armor
47:31 Plate Mail Armor
48:54 Paladin
Solopetrosky
6:28 Loom
9:06 Feudal Age
10:41 Fletching
18:50 Wheelbarrow
18:20 Horse Collar
26:56 Castle Age
25:21 Gold Mining
25:38 Double-Bit Axe
26:01 Scale Barding Armor
26:07 Forging
32:06 Hand Cart
32:03 Bow Saw
31:56 Heavy Plow
37:05 Iron Casting
36:30 Scale Mail Armor
41:55 Imperial Age
40:25 Bodkin Arrow
40:31 Padded Archer Armor
42:37 Heavy Scorpion
44:49 Chemistry
44:52 Ballistics
46:26 Siege Engineers
ttmenti88
10:17 Feudal Age
14:09 Castle Age
12:40 Horse Collar
13:27 Gold Mining
14:27 Double-Bit Axe
15:41 Bow Saw
17:26 Heavy Plow
23:40 Wheelbarrow
28:52 Imperial Age
26:53 Scale Barding Armor
26:58 Forging
26:47 Loom
27:27 Bloodlines
28:26 Hand Cart
29:01 Cavalier
30:26 Chain Barding Armor
30:53 Husbandry
31:46 Crop Rotation
32:17 Two-Man Saw
31:51 Conscription
33:09 Gold Shaft Mining
34:13 Plate Barding Armor
34:13 Iron Casting
33:32 Savar
34:40 Scale Mail Armor
34:59 Squires
35:42 Caravan
36:12 Coinage
35:56 Pikeman
38:59 Guilds
39:20 Banking
40:18 Blast Furnace
39:56 Halberdier
46:12 Citadels
Aspirante
11:00 Feudal Age
14:33 Castle Age
14:03 Double-Bit Axe
29:49 Fletching
29:57 Horse Collar
31:41 Bodkin Arrow
32:06 Gold Mining
32:07 Stone Mining
32:23 Loom
35:26 Imperial Age
32:31 Elite Skirmisher
34:20 Bow Saw
34:46 Padded Archer Armor
34:37 Man-at-Arms
35:18 Squires
35:22 Scale Mail Armor
35:33 Forging
36:17 Ballistics
35:58 Long Swordsman
36:24 Arson
37:24 Chain Mail Armor
37:45 Iron Casting
37:31 Two-Handed Swordsman
40:22 Chieftains
41:55 Plate Mail Armor
42:26 Blast Furnace
40:54 Champion
44:02 Heavy Plow
43:57 Capped Ram
46:02 Siege Ram
Connection lost

Rejoining the realm…

Still unreachable

The connection could not be restored.

Session expired

The server has moved on; the page needs a fresh start.